 Dungeon Crawl Stone Soup version 0.24-a0-205-g1d96822 (webtiles) character file.

Game seed: 3168615632555976202

254 Mgcat the Skirmisher (level 6, -1/57 HPs)
             Began as a Ghoul Berserker on Mar 28, 2019.
             Was a Believer of Trog.
             Slain by a slave (2 damage)
             ... led by Pikel
             ... on level 2 of the Dungeon.
             The game lasted 00:05:20 (2754 turns).

Mgcat the Skirmisher (Ghoul Berserker)              Turns: 2754, Time: 00:05:21

Health: -1/57      AC:  6    Str: 27    XL:     6   Next: 15%
Magic:  5/5        EV:  9    Int:  3    God:    Trog [**....]
Gold:   107        SH:  2    Dex:  8    Spells: 5/5 levels left

rFire    . . .     SeeInvis .   k - +0 hand axe (curse)
rCold    + . .     Gourm    .   m - +0 buckler
rNeg     + + +     Faith    .   a - +0 scale mail
rPois    ∞         Spirit   .   (no helmet)
rElec    .         Reflect  .   (no cloak)
rCorr    .         Harm     .   (no gloves)
MR       .....                  (no boots)
Stlth    ..........             (no amulet)
HPRegen  0.00/turn              (no ring)
MPRegen  0.09/turn              (no ring)

@: mighty, flying, rotting
A: rotting body, claws 1, carnivore, cold resistance 1, negative energy
resistance 3, inhibited regeneration, torment resistance, unbreathing
a: Trog's Hand, Renounce Religion


You were on level 2 of the Dungeon.
You worshipped Trog.
Trog was pleased with you.
You were not hungry.

You visited 1 branch of the dungeon, and saw 4 of its levels.

You collected 107 gold pieces.

Inventory:

Hand Weapons
 k - a cursed +0 hand axe (weapon)
   (You found it on level 2 of the Dungeon)
Armour
 a - a +0 scale mail (worn)
   (You found it on level 2 of the Dungeon)
 b - a +0 animal skin
 m - a +0 buckler (worn)
   (You found it on level 2 of the Dungeon)
Scrolls
 e - a scroll of random uselessness {unknown}
 h - 3 scrolls of remove curse {unknown}
 j - a scroll of magic mapping {unknown}
 l - a scroll of fog {unknown}
 n - a scroll of enchant armour {unknown}
Comestibles
 c - 8 rations


   Skills:
 + Level 5.6 Fighting
 + Level 4.7 Axes
 - Level 1.7 Armour
 - Level 1.7 Dodging


You had 5 spell levels left.
You didn't know any spells.
Your spell library was empty.

Dungeon Overview and Level Annotations

Branches:
Dungeon (4/15)
 Temple: D:4-7

Altars:
Uskayaw

Annotations:
D:3 Grinder


Innate Abilities, Weirdness & Mutations

Your body is rotting away.
You thrive on raw meat.
You are immune to poison.
You have sharp fingernails.
You are carnivorous and can eat meat at any time.
Your flesh is cold resistant. (rC+)
You are immune to negative energy. (rN+++)
You do not regenerate when monsters are visible.
You are immune to unholy pain and torment.
You can survive without breathing.


Message History

You closely miss the orc.
The orc is lightly wounded.
You barely miss the slave. The slave hits you.
* * * LOW HITPOINT WARNING * * *
The orc barely misses you. The orc hits you but does no damage.
You take 4 damage, and have 17/57 hp.
Spoiler Alert: The slave means Pikel is nearby!
Eat one of 4 chunks of flesh {@w0}? (ye/n/q)
You eat one of the 4 chunks of flesh {@w0}.
This raw flesh tastes great!
The slave hits you. The orc barely misses you.
The orc hits you from afar with a +0 trident.
You regained 6 hp, and now have 23/57 hp.
Eat one of 3 chunks of flesh {@w0}? (ye/n/q)
You eat one of the 3 chunks of flesh {@w0}.
This raw flesh tastes great!
The slave hits you. The orc barely misses you.
The orc hits you but does no damage.
You regained 2 hp, and now have 25/57 hp.
Spoiler Alert: The slave means Pikel is nearby!
Eat one of 2 chunks of flesh {@w0}? (ye/n/q)
You eat one of the 2 chunks of flesh {@w0}.
This raw flesh tastes great!
The slave hits you.
The orc hits you from afar with a +0 trident.
The orc completely misses you.
You regained 2 hp, and now have 27/57 hp.
Spoiler Alert: The slave means Pikel is nearby!
Eat a chunk of flesh {@w0}? (ye/n/q)
You eat the chunk of flesh {@w0}.
This raw flesh tastes great!
The slave hits you! The orc hits you but does no damage.
You take 4 damage, and have 23/57 hp.
You slash the orc!
You kill the orc!
Trog accepts your kill.
Trog will now gift you ammunition as you gain piety.
You hit the slave but do no damage. The slave hits you.
The orc hits you from afar with a +0 trident.
* * * LOW HITPOINT WARNING * * *
You take 6 damage, and have 17/57 hp.
Spoiler Alert: The slave means Pikel is nearby!
You block the slave's attack. The orc hits you but does no damage.
Items here: $ ))) ? [[ ÷ † You closely miss the orc.
You closely miss the slave. The slave hits you but does no damage.
The orc barely misses you. The slave hits you.
* * * LOW HITPOINT WARNING * * *
You take 1 damage, and have 16/57 hp.
Spoiler Alert: The slave means Pikel is nearby!
You barely miss the orc. You hit the slave. The slave hits you.
* * * LOW HITPOINT WARNING * * *
The orc hits you with a +0 trident!
* * * LOW HITPOINT WARNING * * *
You take 11 damage, and have 5/57 hp.
It was a potion of flight.
You feel very buoyant.
You fly up into the air.
The slave hits you.
* * * LOW HITPOINT WARNING * * *
You take 2 damage, and have 3/57 hp.
Spoiler Alert: The slave means Pikel is nearby!
Unknown command.
Unknown command.
The orc barely misses you.
Found a stone staircase leading up.
The orc hits you from afar with a +0 trident.
* * * LOW HITPOINT WARNING * * *
You take 1 damage, and have 2/57 hp.
Spoiler Alert: The slave means Pikel is nearby!
You see here a +0 dagger.
There is a stone staircase leading up here.
You block the slave's attack.
You fly upwards.
Level annotation: Grinder Trog will no longer gift you ammunition.
There is a stone staircase leading down here.
Spoiler Alert: The slave means Pikel is nearby!
Okay, then.
Unknown command.
It was a potion of might.
You feel very mighty all of a sudden. The slave closely misses you.
Unknown command.
Spoiler Alert: The slave means Pikel is nearby!
Unknown command.
You slash the slave!
The slave is moderately wounded.
The slave closely misses you.
Warning x2: The slave means Pikel is nearby!
Grinder can cast Paralyse!
Unknown command.
Unknown command.
Unknown command.
Unknown command.
There is a stone staircase leading up here.
Grinder blinks!
The slave hits you.
* * * LOW HITPOINT WARNING * * *
You fly upwards.
There is a stone staircase leading down here.
You take 1 damage, and have 1/57 hp.
Spoiler Alert: The slave means Pikel is nearby!
You hit the slave.
The slave is moderately wounded.
The slave hits you.
You die...

....#
#.##.##.#....##......
....#
#..#.##.##.####......
....# ##.#.##.##.#
#...... ....# #.#.##.##.#
#...... ##### #.#.##.##.#
#...... #
#.#.##.##.####...... #
###...##.##....#......
#######
#.....................
......#
#.##p@###.............
......######.###.#
#.............
......'...#....#.#
#........#'###
......###.####.#.#
#........#.# ......#
#.#.<#.#.# #........#.#
......#
#.#..#.#.########'#.#.###
......#
#.##.#.#.#........#.#...#
......#
#............######.###.#
......#
####.#...._.....#.(......


You could see a slave.

Vanquished Creatures
  A howler monkey (D:4)
  A hound (D:4)
  An iguana (D:4)
  2 worker ants (D:4)
  3 adders
  An ooze (D:4)
  3 worms (D:2)
  2 dart slugs (D:1)
  3 leopard geckos
  5 orcs (D:4)
  5 giant cockroaches
  6 goblins
  3 hobgoblins
  2 jackals (D:4)
  2 quokkas
  2 ball pythons
  5 bats
  4 frilled lizards
  8 kobolds
  9 rats
68 creatures vanquished.

Notes
Turn   | Place    | Note
-------+----------+-------------------------------------------
     0 | D:1      | Mgcat the Ghoul Berserker began the quest for the Orb.
     0 | D:1      | Reached XP level 1. HP: 19/19 MP: 0/0
   381 | D:1      | Reached XP level 2. HP: 22/25 MP: 1/1
   408 | D:1      | Reached skill level 3 in Axes
   796 | D:1      | Reached XP level 3. HP: 32/33 MP: 2/2
   806 | D:1      | Reached skill level 4 in Fighting
  1153 | D:1      | Reached ** piety under Trog
  1193 | D:2      | Noticed a +0 dagger
  1193 | D:2      | Noticed a +0 dagger
  1194 | D:2      | Found a hide-covered altar of Uskayaw.
  1454 | D:2      | HP: 8/33 [adder (2)]
  1455 | D:2      | Reached XP level 4. HP: 10/41 MP: 3/3
  2414 | D:3      | Noticed Grinder
  2445 | D:4      | Reached skill level 4 in Axes
  2445 | D:4      | Reached XP level 5. HP: 36/47 MP: 4/4
  2463 | D:4      | Reached skill level 5 in Fighting
  2470 | D:4      | Found the +0 Maxwell's etheric cage {RegenMP+ *Contam rElec
                  | MP+4}
  2506 | D:4      | HP: 7/48 [worker ant (6)]
  2614 | D:4      | Noticed a slave
  2635 | D:4      | Reached XP level 6. HP: 54/57 MP: 5/5
  2639 | D:4      | Noticed a slave
  2694 | D:4      | Noticed a slave
  2718 | D:4      | Reached *** piety under Trog
  2721 | D:4      | HP: 13/57 [slave[Pikel] (3)]
  2721 | D:4      | HP: 5/57 [orc/+0 trident (8)]
  2731 | D:4      | HP: 2/57 [orc/+0 trident (1)]
  2752 | D:3      | HP: 1/57 [slave[Pikel] (1)]
  2754 | D:2      | Slain by a slave

Levels and vault maps discovered:
D:1:      scummos_arrival_hexagon, layout_basic
D:2:      layout_basic, dancing_weapons_uskayaw
D:3:      layout_loops_cross, overflow_temple_1_default,
          chequers_ecumenical_altar_island, uniq_jessica, uniq_grinder,
          uniq_crazy_yiuf_cottage, uniq_sigmund
D:4:      minmay_chambers_of_threes, layout_cave_pools, vehumet_statue,
          kennysheep_generic_room_14, uniq_pikel

Skill      XL: |  1  2  3  4  5 |
---------------+----------------+-----
Axes           | 3 4 |  4.7
Fighting       | 4 5 |  5.6
Armour         | |  1.7
Dodging        | |  1.7

Action                   |  1- 3 |  4- 6 || total
-------------------------+-------+-------++-------
Melee: Hand axe          |   129 |   165 ||   294
  Use: Potion            |       |     3 ||     3
  Eat: Chunk             |     7 |    20 ||    27
Armor: Animal skin       |    18 |     4 ||    22
       Scale mail        |       |    61 ||    61
Dodge: Dodged            |    78 |   103 ||   181
Block: Buckler           |       |    17 ||    17

Table legend:
 A = Non-vault XP
 B = Vault XP
 C = Vault XP percentage of total XP
 D = Non-vault monster count
 E = Vault monster count
 F = Vault count percentage of total count
                 A         B        C        D         E       F
            +---------+---------+-------+---------+---------+-------
      Total |     364 |       0 |   0.0 |      68 |       0 |   0.0
            +---------+---------+-------+---------+---------+-------
        D:1 |      47 |       0 |   0.0 |      27 |       0 |   0.0
        D:2 |      72 |       0 |   0.0 |      24 |       0 |   0.0
        D:3 |       1 |       0 |   0.0 |       1 |       0 |   0.0
        D:4 |     244 |       0 |   0.0 |      16 |       0 |   0.0
            +---------+---------+-------+---------+---------+-------

Levels and vault maps discovered:
D:1:      scummos_arrival_hexagon, layout_basic
D:2:      layout_basic, dancing_weapons_uskayaw
D:3:      layout_loops_cross, overflow_temple_1_default,
          chequers_ecumenical_altar_island, uniq_jessica, uniq_grinder,
          uniq_crazy_yiuf_cottage, uniq_sigmund
D:4:      minmay_chambers_of_threes, layout_cave_pools, vehumet_statue,
          kennysheep_generic_room_14, uniq_pikel

Table legend:
 A = Turns spent in this place as a percentage of turns spent in the entire game.
 B = Non-inter-level travel turns spent in this place as a percentage of non-inter-level travel turns spent in the entire game.
 C = Inter-level travel turns spent in this place as a percentage of turns spent in this place.
 D = Turns resting spent in this place as a percentage of non-inter-level travel turns spent in this place.
 E = Turns spent auto-exploring this place as a percentage of non-inter-level travel turns spent in this place.
 F = Non-inter-level travel turns spent in this place divided by the number of levels of this place that you've seen.
                   A       B       C       D       E      F
               +-------+-------+-------+-------+-------+----------------------
         Total | 100.0 | 100.0 |   5.6 |   8.3 |  66.9 | 649.8
       Dungeon | 100.0 | 100.0 |   5.6 |   8.3 |  66.9 | 649.8
               +-------+-------+-------+-------+-------+----------------------

Table legend:
 A = Kills in this place as a percentage of kills in entire the game.
 B = Kills by you in this place as a percentage of kills by you in the entire game.
 C = Kills by friends in this place as a percentage of kills by friends in the entire game.
 D = Other kills in this place as a percentage of other kills in the entire game.
 E = Experience gained in this place as a percentage of experience gained in the entire game.
 F = Experience gained in this place divided by the number of levels of this place that you have seen.
                   A       B       C       D       E      F
               +-------+-------+-------+-------+-------+----------------------
         Total | 100.0 | 100.0 |   N/A |   N/A | 100.0 |  91.0
       Dungeon | 100.0 | 100.0 |   N/A |   N/A | 100.0 |  91.0
               +-------+-------+-------+-------+-------+----------------------
